 Dungeon Crawl Stone Soup version 0.27.0-1-g7a089689b8 (webtiles) character file.

Game seed: 17469291093969041630

2569 sanka the Nimble (level 9, -8/75 HPs)
             Began as a Demigod Summoner on Aug 1, 2021.
             Mangled by an orc warrior (19 damage)
             ... in a bailey.
             The game lasted 00:24:31 (8179 turns).

sanka the Nimble (Demigod Summoner)                 Turns: 8179, Time: 00:24:31

Health: -8/75      AC: 18    Str:  9    XL:     9   Next: 10%
Magic:  15/15      EV: 16    Int: 29    God:
Gold:   387        SH:  0    Dex: 23    Spells: 10/12 levels left

rFire    + . .     SeeInvis .   a - +1 whip (elec)
rCold    . . .     Faith    .   (no shield)
rNeg     . . .     Spirit   .   y - +3 ring mail {rF+}
rPois    .         Reflect  .   q - +2 helmet
rElec    .         Harm     .   F - +0 cloak
rCorr    .         Rampage  .   R - +0 pair of gloves {Dex+3}
Will     .....                  K - +0 pair of boots
Stlth    ++........             n - amulet of regeneration
HPRegen  1.22/turn              E - +4 ring of protection
MPRegen  0.14/turn              O - +6 ring of dexterity

@: no status effects
A: high mp 1, forlorn
a: no special abilities


You were in a bailey.
You visited 1 branch of the dungeon, and saw 7 of its levels.
You also visited: Sewer and Bailey.

You collected 387 gold pieces.


Innate Abilities, Weirdness & Mutations

Your attributes grow dramatically as you level up.
You have an increased reservoir of magic. (+10% MP)
You shall have no god before yourself.


   Skills:
 + Level 5.9 Fighting
 + Level 9.4 Dodging
 - Level 1.7 Stealth
 - Level 2.0 Spellcasting
 - Level 5.0 Summonings


You had 10 spell levels left.
You knew the following spells:

 Your Spells              Type           Power      Damage    Failure   Level
x - Call Imp              Summ           31%        N/A       4%          2

Your spell library contained the following spells:

 Spells                   Type           Power      Damage    Failure   Level
 Summon Small Mammal      Summ           100%       N/A       3%          1
 Call Canine Familiar     Summ           31%        N/A       9%          3
 Beastly Appendage        Tmut           4%         N/A       24%         1
 Sandblast                Erth           4%         2d4       24%         1
 Summon Guardian Golem    Hex/Summ       17%        N/A       26%         3
 Passwall                 Tmut/Erth      1%         N/A       34%         2
 Wereblood                Tmut           2%         N/A       34%         2
 Ignite Poison            Fire/Tmut/Pois 2%         N/A       56%         3
 Mephitic Cloud           Conj/Pois/Air  2%         N/A       56%         3
 Spider Form              Tmut/Pois      1%         N/A       56%         3
 Summon Lightning Spire   Summ/Air       17%        N/A       63%         4
 Bolt of Magma            Conj/Fire/Erth 1%         4d4       100%        5
 Lee's Rapid Deconstruct  Erth           1%         3d5*      100%        5

Inventory:

Hand Weapons
 a - a +1 whip of electrocution (weapon)
 b - a +3 falchion of holy wrath
 i - a +0 short sword of speed
 s - a +0 halberd
 w - a +0 dagger of venom
 x - a +0 spear
 J - a +2 dagger of draining
Armour
 q - a +2 helmet (worn)
 y - a +3 ring mail of fire resistance (worn)
 A - a +0 robe
 F - a +0 cloak (worn)
 H - a +2 leather armour of fire resistance
 K - a +0 pair of boots (worn)
 P - the +5 gold dragon scales of the Iron City of Dis {rPois rF+ rC+ Dex+5}

   Dex:       It affects your dexterity (+5).
   rF:        It protects you from fire.
   rC:        It protects you from cold.
   rPois:     It protects you from poison.
 R - a +0 pair of gloves of dexterity (worn)
Magical Staves
 Q - a staff of conjuration {!a}
Jewellery
 n - an amulet of regeneration (around neck)
 D - a ring of poison resistance
 E - a +4 ring of protection (left hand)
 O - a +6 ring of dexterity (right hand)
Wands
 p - a wand of paralysis (9)
 t - a wand of polymorph (7)
Scrolls
 c - a scroll of magic mapping {unknown}
 e - a scroll of silence {!r}
 g - a scroll of enchant armour
 h - a scroll of summoning
 j - 3 scrolls of amnesia
 l - 3 scrolls of enchant weapon
 m - 4 scrolls of teleportation {@r4}
 o - a scroll of blinking
 u - a scroll of fear {unknown}
 C - a scroll of noise {!r}
 I - a scroll of vulnerability {unknown}
 N - a scroll of fog {unknown}
Potions
 d - 3 potions of magic {unknown}
 f - 2 potions of flight {unknown}
 k - 4 potions of heal wounds {unknown}
 r - 3 potions of curing {unknown}
 v - a potion of brilliance {unknown}
 z - a potion of cancellation {unknown}
 B - 2 potions of attraction {unknown}
 G - a potion of mutation {unknown}
 L - a potion of might
 M - a potion of degeneration {unknown}

Dungeon Overview and Level Annotations

Branches:
Dungeon (7/15)             Temple (0/1) D:7           Sewer (visited)
 Bailey (1/1)

Shops:
D:2

?:*? ▒▒.........▒▒
▒▒..≈≈≈≈≈≈≈..▒▒
▒▒..≈≈....)≈≈..▒▒
▒▒▒▒▒▒▒..≈≈..▒▒▒))≈≈..▒▒▒▒▒▒▒▒▒▒
........≈≈).▒▒.▒▒..≈≈..........▒
≈≈≈≈≈≈≈≈≈..▒▒.∩.▒▒..≈≈≈≈≈≈≈≈≈≈.▒
.......)..▒▒.....▒▒.......).)≈.▒
.▒▒▒▒▒▒▒▒▒▒▒▒▒'▒▒▒o▒▒▒▒▒▒▒▒▒)≈.▒
.▒▒.o...▒▒o.....p##▒▒ ▒▒.≈.▒
..▒▒ ▒'..≈≈≈≈≈≈#..▒▒ ▒▒..≈.▒
≈..▒▒ ▒▒###≈.ooo###..▒▒ ▒▒..≈≈.▒
≈≈..▒ ▒.#≈≈##oo⌠.##≈..▒ ▒..≈≈.∩▒
≈≈).▒ ▒..###..⌠..##≈..▒+▒..≈≈.▒▒
≈).▒▒ ▒▒..≈≈.....#≈..'▒.▒▒..≈≈.▒
..▒▒ ▒▒..≈≈≈###≈..▒▒...▒▒..≈.▒
.▒▒.££ ▒▒.........▒▒.....▒▒.≈.▒
.▒▒▒▒▒ ▒▒▒▒▒'▒▒▒▒▒▒▒▒▒▒▒▒▒.≈.▒


You could see 2 orc knights and 5 orc warriors.


Message History

The orc warrior barely misses you.
The orc warrior hits you from afar with a +0 glaive!
The orc warrior hits you from afar with a +0 bardiche.
The orc warrior misses you. The orc warrior closely misses you.
The orc warrior hits you from afar with a +0 halberd.
The orc warrior hits you from afar with a +0 bardiche.
The orc warrior hits you from afar with a +0 glaive.
An orc knight comes into view. It is wielding a +0 halberd.
The orc knight shouts!
There is an open door here.
The orc warrior barely misses you. The orc warrior barely misses you.
The orc warrior hits you but does no damage.
The orc warrior misses you. The orc warrior closely misses you.
The orc warrior hits you from afar with a +0 bardiche!
The orc warrior hits you from afar with a +0 halberd!
The orc knight shouts!
The orc warrior misses you. The orc warrior misses you.
The orc warrior hits you but does no damage.
The orc knight roars a battlecry!
The orc warriors go into a battle-frenzy!
There is an open door here.
The orc warrior hits you from afar with a +0 bardiche!!
* * * LOW HITPOINT WARNING * * *
The orc warrior closely misses you.
The orc warrior hits you from afar with a +0 bardiche!!
You die...

Action                   |  1- 3 |  4- 6 |  7- 9 || total
-------------------------+-------+-------+-------++-------
Melee: Unarmed           |    29 |       |       ||    29
       Spear             |    56 |       |       ||    56
       Short sword       |    17 |   151 |       ||   168
       Falchion          |       |    55 |    11 ||    66
       Dagger            |       |    62 |   165 ||   227
       Whip              |       |       |   146 ||   146
 Cast: Summon Small Mamm |    44 |     1 |       ||    45
       Call Imp          |    15 |    26 |    37 ||    78
  Use: Scroll            |       |     4 |     4 ||     8
 Stab: Sleeping          |     3 |       |       ||     3
       Distracted        |       |     1 |       ||     1
Armor: Robe              |    23 |    17 |       ||    40
       Ring mail         |       |    49 |   234 ||   283
Dodge: Dodged            |    66 |   133 |   339 ||   538
       Rpst.: Falchion   |       |    15 |       ||    15

Levels and vault maps discovered:
D:1:      minmay_arrival_three_doors, layout_basic
D:2:      wander_river, layout_rooms, serial_shops, nicolae_shop_statue_plus,
          nicolae_shop_waterfront, shop_statue, nicolae_shop_statue_plus,
          serial_forest, infiniplex_forest_lined_corner,
          infiniplex_forest_clump_double, infiniplex_forest_clump_diagonal,
          infiniplex_forest_clump_large, infiniplex_forest_lined_room_2,
          dk_noncrumbling_4, uniq_terence
D:3:      layout_rooms, basic_ecumenical_altar, portal_sewer_entry_f,
          minmay_fountain_box, uniq_jessica, uniq_natasha, uniq_ijyb
D:4:      layout_loops_ring, hangedman_feature_mirror
D:5:      layout_gridville, trog_three_pillars_becter, okawaru_trees_1,
          serial_co_window_serial, co_window_of_opportunity_a,
          co_window_of_opportunity_a, co_window_paths_a, co_window_corner_a,
          co_window_of_opportunity_a, co_window_paths_a, co_window_corner_a,
          co_window_cross_2, co_window_of_opportunity_b, co_window_corner_b,
          co_window_corner_cb, co_window_corner_b, co_window_paths_d,
          glass_columns_a, glass_columns_b, glass_columns_b, glass_columns_a,
          grunt_ministairs_11, minmay_fractal_squares_5
D:6:      layout_basic, elyvilon_altar_3, supply_closet_lemuel, uniq_menkaure
D:7:      layout_basic, nicolae_wu_jian_glorious_leap,
          minmay_temple_entry_statues_pillars, enter_bailey_2,
          gammafunk_ghost_smash, serial_shops, nicolae_shop_trees,
          grunt_decor_arrowhead, ldierk_geyser
Bailey:   bailey_polearm_1, bailey

Notes
Turn   | Place    | Note
-------+----------+-------------------------------------------
     0 | D:1      | sanka the Demigod Summoner began the quest for the Orb.
     0 | D:1      | Reached XP level 1. HP: 14/14 MP: 5/5
   557 | D:1      | Reached skill level 2 in Spellcasting
   805 | D:1      | Reached skill level 4 in Summonings
   805 | D:1      | Reached XP level 2. HP: 20/20 MP: 2/7
  1669 | D:2      | Found Ymud's Book Shop.
  1707 | D:2      | Learned a level 2 spell: Call Imp
  1712 | D:2      | Found Vaovunk's Magic Scroll Emporium.
  2052 | D:2      | Reached XP level 3. HP: 15/26 MP: 5/8
  2255 | D:2      | Noticed Terence
  2264 | D:2      | Killed Terence
  2314 | D:2      | Found Igycogih's Assorted Antiques.
  2501 | D:2      | Found Ryclyg's Magic Scroll Emporium.
  2883 | D:3      | Reached skill level 5 in Summonings
  2905 | D:3      | Noticed Natasha
  2912 | D:3      | Killed Natasha
  2967 | D:3      | Reached skill level 1 in Fighting
  2967 | D:3      | Reached XP level 4. HP: 21/35 MP: 4/9
  2991 | D:3      | Noticed Natasha
  2995 | D:3      | Killed Natasha
  3047 | D:3      | Found a glowing drain.
  3088 | Sewer    | Entered a sewer
  3103 | Sewer    | Reached skill level 2 in Fighting
  3355 | Sewer    | Noticed a bullfrog
  3367 | Sewer    | Killed a bullfrog
  3368 | Sewer    | Reached skill level 3 in Fighting
  3368 | Sewer    | Reached XP level 5. HP: 38/45 MP: 5/10
  3619 | D:3      | Noticed Jessica
  3624 | D:3      | Killed Jessica
  3625 | D:3      | Reached skill level 2 in Dodging
  3650 | D:3      | Noticed Ijyb
  3659 | D:3      | Killed Ijyb
  3923 | D:3      | Noticed Natasha
  3939 | D:3      | Killed Natasha
  4018 | D:3      | Reached skill level 3 in Dodging
  4452 | D:4      | Reached XP level 6. HP: 51/51 MP: 4/11
  4645 | D:4      | Reached skill level 4 in Dodging
  5103 | D:5      | Entered Level 5 of the Dungeon
  5119 | D:5      | Reached skill level 5 in Dodging
  5161 | D:5      | Noticed a water moccasin
  5178 | D:5      | Killed a water moccasin
  5179 | D:5      | Reached XP level 7. HP: 57/57 MP: 8/13
  5513 | D:5      | Reached skill level 6 in Dodging
  5586 | D:5      | Reached skill level 7 in Dodging
  6396 | D:6      | Reached XP level 8. HP: 53/63 MP: 10/14
  6442 | D:6      | Reached skill level 8 in Dodging
  6700 | D:6      | Reached skill level 4 in Fighting
  6749 | D:6      | Reached skill level 5 in Fighting
  6749 | D:6      | Reached skill level 9 in Dodging
  7007 | D:6      | Noticed Menkaure
  7017 | D:6      | Killed Menkaure
  7018 | D:6      | Reached XP level 9. HP: 51/74 MP: 9/15
  7430 | D:7      | Found a staircase to the Ecumenical Temple.
  7516 | D:7      | Found a flagged portal.
  7525 | Bailey   | Entered a bailey
  7883 | Bailey   | Noticed an orc knight
  8148 | Bailey   | Identified the +5 gold dragon scales of the Iron City of
                  | Dis {rPois rF+ rC+ Dex+5}
  8171 | Bailey   | Noticed an orc knight
  8179 | Bailey   | Mangled by an orc warrior

Vanquished Creatures
  A centaur zombie (D:6)
  Menkaure (D:6)
  2 water moccasins (D:5)
  A black bear (D:6)
  2 ogres
  A phantom (D:5)
  3 centaurs
  A bullfrog (Sewer)
  A scorpion (D:4)
  A water moccasin zombie (D:6)
  A water moccasin skeleton (D:6)
  A wyvern skeleton (D:6)
  2 bullfrog zombies
  3 hounds
  A jelly (D:5)
  3 orc priests
  A bullfrog skeleton (D:6)
  3 iguanas
  2 orc wizards
  Terence (D:2)
  A hound skeleton (D:5)
  4 gnolls (D:6)
  2 adders (D:5)
  A shadow imp (D:6)
  2 white imps
  2 ufetubi (D:5)
  A dart slug (D:5)
  23 orcs
  7 ball pythons
  4 bats
  5 endoplasms
  9 giant cockroaches
  7 goblins
  2 hobgoblins (D:4)
  6 jackals
  5 quokkas
  7 frilled lizards (Sewer)
  A kobold (D:4)
  2 rats
123 creatures vanquished.

Vanquished Creatures (collateral kills)
  2 orc warriors
  An ogre (D:4)
  A necrophage (D:6)
  An orc priest (D:6)
  A bullfrog skeleton (D:5)
  Jessica (D:3)
  Ijyb (D:3)
  Natasha (thrice) (D:3)
  An orc wizard (D:6)
  A gnoll (D:1)
  5 adders
  2 worms
  A dart slug (D:1)
  21 orcs
  A ball python (D:3)
  2 bats (D:1)
  3 endoplasms
  4 giant cockroaches
  A goblin (D:4)
  5 hobgoblins
  4 jackals (D:2)
  4 kobolds
  3 quokkas
  A frilled lizard (D:2)
  2 rats (D:2)
72 creatures vanquished.

Vanquished Creatures (others)
  7 plants (D:2)
7 creatures vanquished.

Grand Total: 202 creatures vanquished
